 Dungeon Crawl Stone Soup version 0.27.1 (webtiles) character file.

Game seed: 1067490949971206167

287 karkarkar the Cleaver (level 6, 0/51 HPs)
             Began as a Hill Orc Fighter on Aug 29, 2021.
             Slain by an ogre (23 damage)
             ... on level 4 of the Dungeon.
             The game lasted 00:07:13 (3798 turns).

karkarkar the Cleaver (Hill Orc Fighter)            Turns: 3798, Time: 00:07:14

Health: 0/51       AC:  6    Str: 20    XL:     6   Next: 30%
Magic:  6/6        EV:  7    Int:  8    God:
Gold:   132        SH:  9    Dex: 11    Spells: 5/5 levels left

rFire    . . .     SeeInvis .   a - +0 war axe
rCold    . . .     Faith    .   c - +0 kite shield
rNeg     . . .     Spirit   .   b - +0 scale mail
rPois    .         Reflect  .   (no helmet)
rElec    .         Harm     .   (no cloak)
rCorr    +         Rampage  .   (no gloves)
Will     .....                  (no boots)
Stlth    ..........             (no amulet)
HPRegen  0.17/turn              n - ring of resist corrosion
MPRegen  0.10/turn              (no ring)

@: no status effects
A: no striking features
a: no special abilities


You were on level 4 of the Dungeon.
You visited 1 branch of the dungeon, and saw 4 of its levels.

You collected 132 gold pieces.

Inventory:

Hand Weapons
 a - a +0 war axe (weapon)
Missiles
 o - 10 poisoned darts (quivered)
Armour
 b - a +0 scale mail (worn)
 c - a +0 kite shield (worn)
Jewellery
 n - a ring of resist corrosion (left hand)
Scrolls
 f - 2 scrolls of identify
 k - 2 scrolls of fear
 l - a scroll of amnesia
 p - a scroll of noise {unknown}
Potions
 d - 2 potions of might
 e - a potion of attraction {unknown}
 g - a potion of curing {unknown}
 h - a potion of berserk rage {unknown}
 i - a potion of brilliance {unknown}
 j - a potion of ambrosia {unknown}
 m - a potion of heal wounds {unknown}


   Skills:
 - Level 3.6 Fighting
 + Level 8.0 Axes
 + Level 0.1 Throwing
 - Level 3.2 Armour
 + Level 1.1 Dodging
 + Level 0.5 Stealth
 - Level 3.2 Shields


You had 5 spell levels left.
You didn't know any spells.
Your spell library contained the following spells:

 Spells                   Type           Power      Damage    Failure   Level
 Summon Guardian Golem    Hex/Summ       0%         N/A       100%        3
 Orb of Destruction       Conj           0%         N/A       100%        7
 Spellforged Servitor     Conj/Summ      0%         N/A       100%        7


Dungeon Overview and Level Annotations

Branches:
Dungeon (4/15)
 Temple: D:4-7

Altars:

Shops:
D:3 *


Message History

You hear the brisk rusting of a drain nearby.
As you open the door, it creaks loudly!
An ogre comes into view. It is wielding a +0 giant club.
The ogre shouts!
There is an open door here.
You are too injured to fight recklessly!
Throw: 13 darts (poison)
Press: ? - help, Q - select action Shift-Dir - straight line, f - ogre
Aim: an ogre, wielding a +0 giant club (72% to hit)
You throw a poisoned dart. The poisoned dart hits the ogre.
The ogre is poisoned.
Throw: 12 darts (poison)
Press: ? - help, Q - select action Shift-Dir - straight line, f/p - ogre
Aim: an ogre, wielding a +0 giant club (lightly wounded, poisoned, 72% to hit)
You throw a poisoned dart. The poisoned dart hits the ogre.
The ogre looks even sicker.
The ogre is lightly wounded.
You block the ogre's attack.
There is an open door here.
There is an open door here.
The ogre looks more healthy.
You block the ogre's attack.
There is an open door here.
You are too injured to fight recklessly!
Throw: 11 darts (poison)
Press: ? - help, Q - select action Shift-Dir - straight line, f/p - ogre
Aim: an ogre, wielding a +0 giant club (moderately wounded, 72% to hit)
You throw a poisoned dart. The poisoned dart hits the ogre.
The ogre is poisoned.
The ogre is moderately wounded.
The ogre hits you with a +0 giant club.
The ogre looks more healthy.
You block the ogre's attack.
You barely miss the ogre.
The ogre is severely wounded.
You block the ogre's attack.
You hit the ogre.
The ogre is almost dead.
The ogre hits you with a +0 giant club!!
You die...

###>..(...........
#?..####.#####..
#...# #.# ##### #.#
#.# #.############
#.#........).#
#O#.########.#
####@#.#...†.h..#
#....#.#.#####K....#
#....#.#.# .'....##
#......#.##.##(...#
#....).#.## #....#
###....#.# ..##J#
#....#.# ### .#
#....#.# .#
############'##


You could see an ogre.

Vanquished Creatures
  A necrophage (D:4)
  A scorpion (D:4)
  A bullfrog skeleton (D:4)
  An adder (D:3)
  A howler monkey skeleton (D:4)
  A worm (D:3)
  4 dart slugs
  2 orcs (D:3)
  11 endoplasms
  4 giant cockroaches
  7 hobgoblins
  9 jackals
  7 kobolds
  3 quokkas
  7 ball pythons
  5 bats
  7 frilled lizards
  8 goblins
  2 rats
82 creatures vanquished.

Notes
Turn   | Place    | Note
-------+----------+-------------------------------------------
     0 | D:1      | karkarkar the Hill Orc Fighter began the quest for the Orb.
     0 | D:1      | Reached XP level 1. HP: 19/19 MP: 1/1
    38 | D:1      | Reached skill level 3 in Axes
   149 | D:1      | Reached XP level 2. HP: 19/26 MP: 2/2
   236 | D:1      | Found a faded altar of an unknown god.
   381 | D:1      | Reached skill level 4 in Axes
   662 | D:1      | Reached XP level 3. HP: 25/31 MP: 3/3
   896 | D:1      | Reached skill level 5 in Axes
  2188 | D:2      | Reached XP level 4. HP: 39/39 MP: 4/4
  2826 | D:3      | Found Oxzoam's Assorted Antiques.
  2870 | D:3      | Reached skill level 6 in Axes
  3381 | D:4      | Noticed a necrophage
  3391 | D:4      | Killed a necrophage
  3392 | D:4      | Reached skill level 7 in Axes
  3392 | D:4      | Reached XP level 5. HP: 28/45 MP: 5/5
  3523 | D:4      | Reached skill level 1 in Dodging
  3699 | D:4      | Reached XP level 6. HP: 44/51 MP: 6/6
  3729 | D:4      | Reached skill level 8 in Axes
  3798 | D:4      | Slain by an ogre

Illustrated notes

Levels and vault maps discovered:
D:1:      wheals_arrival_linesprint, layout_basic,
          hellmonk_ecumenical_altar_zigzags, kennysheep_crisscross,
          minmay_vboxes
D:2:      layout_loops_ring, serial_glass, glass_columns_c, glass_columns_c,
          serial_bayou_crossing
D:3:      layout_basic, serial_shops, shop
D:4:      layout_basic, gup_sewer_entry_bubbles

Skill      XL: |  1  2  3  4  5  6 |
---------------+-------------------+-----
Axes           | 3 4 5 7 8 |  8.0
Dodging        | 1 |  1.1
Fighting       | |  3.6
Throwing       | |  0.1
Armour         | |  3.2
Stealth        | |  0.5
Shields        | |  3.2

Action                   |  1- 3 |  4- 6 || total
-------------------------+-------+-------++-------
Melee: War axe           |   101 |   119 ||   220
Throw: Dart              |       |     5 ||     5
  Use: Scroll            |     1 |     2 ||     3
       Potion            |     1 |       ||     1
Armor: Scale mail        |    54 |    45 ||    99
Dodge: Dodged            |    45 |    30 ||    75
Block: Kite shield       |    58 |    58 ||   116
